 Dungeon Crawl Stone Soup version 0.30-a0-840-ga523dec638 (webtiles) character file.

Game seed: 1637972641605357481

115164 Newt the Markskobold (level 17, -4/106 HPs)
             Began as a Kobold Hunter on Mar 1, 2023.
             Was the Champion of Qazlal.
             Slain by the 27-headed Lernaean hydra (9 damage)
             ... on level 4 of the Swamp.
             The game lasted 00:36:04 (21340 turns).

Newt the Markskobold (Kobold Hunter)               Turns: 21340, Time: 00:36:05

Health: -4/106     AC: 22    Str:  5    XL:     17   Next: 22%
Magic:  21/24      EV: 29    Int: 17    God:    Qazlal [******]
Gold:   734        SH: 20    Dex: 32    Spells: 16/16 levels left

rFire   + . .      SeeInvis .    I - +3 sling (elec)
rCold   . . .      Faith    .    G - +3 buckler {reflect}
rNeg    . . .      Spirit   .    w - +4 troll leather armour
rPois   +          Reflect  +    o - +2 helmet {Int+3}
rElec   .          Harm     +    g - +2 cloak
rCorr   .          Rampage  .    z - +1 pair of gloves "Ozac" {Harm rF+ Str-3 Int+3}
Will    +....      Rnd*Tele +    (no boots)
Stlth   +                        J - amulet of regeneration
HPRegen 2.77/turn                j - ring of poison resistance
MPRegen 0.19/turn                Z - +6 ring of dexterity

@: protected from physical damage, slowed, studying 2 skills, repel missiles,
very slow
A: small, no large weapons, nightstalker 3, regeneration 1, screaming 1,
teleportitis 1
a: Renounce Religion, Upheaval, Elemental Force, Disaster Area


You were on level 4 of the Swamp.
You worshipped Qazlal.
Qazlal was exalted by your worship.
You visited 4 branches of the dungeon, and saw 22 of its levels.

You collected 2206 gold pieces.
You spent 1472 gold pieces at shops.

Inventory:

Hand Weapons
 p - a +2 shortbow of electrocution
 y - the +7 arbalest of Rotation {penet, Int+4 Dex+2}
   (You bought it in a shop on level 10 of the Dungeon)

   Int:       It affects your intelligence (+4).
   Dex:       It affects your dexterity (+2).
 H - a +0 sling of freezing
 I - a +3 sling of electrocution (weapon)
 K - a +1 shortbow of freezing
Armour
 g - a +2 cloak (worn)
 n - +0 swamp dragon scales
 o - a +2 helmet of intelligence (worn)
 w - a +4 troll leather armour (worn)
 z - the +1 pair of gloves "Ozac" (worn) {Harm rF+ Str-3 Int+3}
   (You found it on level 2 of the Swamp)

   Str:       It affects your strength (-3).
   Int:       It affects your intelligence (+3).
   rF:        It protects you from fire.
   Harm:      It increases damage dealt and taken.
 G - a +3 buckler of reflection (worn)
Jewellery
 j - a ring of poison resistance (left hand)
 A - a ring of resist corrosion
 J - an amulet of regeneration (around neck)
 Z - a +6 ring of dexterity (right hand)
Wands
 q - a wand of mindburst (20)
 t - a wand of polymorph (4)
 u - a wand of paralysis (34)
 E - a wand of flame (47)
 L - a wand of acid (11)
 M - a wand of digging (6)
 T - a wand of iceblast (16)
Scrolls
 b - a scroll of immolation
 f - 4 scrolls of fog
 h - 2 scrolls of identify
 r - a scroll of amnesia
 x - 3 scrolls of poison
 D - 6 scrolls of teleportation
 F - a scroll of brand weapon
 N - 5 scrolls of fear
 P - a scroll of enchant armour
 V - 3 scrolls of blinking
 Y - 4 scrolls of magic mapping
Potions
 a - a potion of haste
 d - a potion of ambrosia
 e - 16 potions of curing
 i - a potion of cancellation
 k - 4 potions of heal wounds
 l - 7 potions of might
 m - a potion of resistance
 s - 2 potions of mutation
 v - 4 potions of flight
 O - 2 potions of invisibility
 Q - 3 potions of berserk rage
 W - a potion of attraction
Miscellaneous
 c - a piece from Xom's chessboard (15/15)
 R - a box of beasts
 X - a phial of floods


   Skills:
 - Level 12.0 Fighting
 - Level 20.0 Ranged Weapons
 - Level 10.0 Armour
 + Level 13.2 Dodging
 - Level 1.3 Stealth
 - Level 10.0 Shields
 - Level 10.0 Invocations
 - Level 12.4 Evocations


You had 16 spell levels left.
You didn't know any spells.
Your spell library contained the following spells:

 Spells                   Type           Power      Damage    Failure   Level
 Foxfire                  Conj/Fire      0%         2x1d4     43%         1
 Kiss of Death            Conj/Necr      0%         2d5       43%         1
 Blink                    Tloc           0%         N/A       56%         2
 Ensorcelled Hibernation  Hex/Ice        0%         N/A       56%         2
 Confusing Touch          Hex            0%         N/A       80%         3
 Ignite Poison            Fire/Tmut/Pois 0%         N/A       80%         3
 Kindle Blastsparks       Fire/Tloc/Air  0%         2d10      80%         3
 Spider Form              Tmut/Pois      0%         N/A       80%         3
 Anguish                  Hex/Necr       0%         N/A       99%         4
 Dispel Undead            Necr           0%         3d6       99%         4
 Manifold Assault         Tloc           0%         N/A       99%         4
 Fireball                 Conj/Fire      0%         3d3       100%        5
 Freezing Cloud           Conj/Ice/Air   0%         6-21      100%        5
 Summon Forest            Summ/Tloc      0%         N/A       100%        5
 Summon Mana Viper        Hex/Summ       0%         N/A       100%        5
 Simulacrum               Ice/Necr       0%         N/A       100%        6
 Starburst                Conj/Fire      0%         6d3       100%        6
 Summon Cactus Giant      Summ           0%         N/A       100%        6
 Storm Form               Tmut/Air       0%         N/A       100%        7
 Polar Vortex             Ice            0%         N/A       100%        9


Dungeon Overview and Level Annotations

Branches:
Dungeon (11/15)            Temple (0/1) D:6            Lair (5/5) D:8
  Swamp (4/4) Lair:3        Slime (0/5) Lair:5          Orc (2/2) D:9
    Elf (0/3) Orc:2
  Snake: Lair:2-3    Spider: Lair:2-3

Altars:
Makhleb
Qazlal
Trog
Xom

Shops:
D:4 :   D:10 (   Orc:2 (*[:

Annotations:
D:8 1 runed translucent door, Esekla's ghost, novice OpDe
Swamp:2 Mara
Swamp:4 Lernaean hydra


Innate Abilities, Weirdness & Mutations

You are small and have problems with some larger weapons.
You are completely attuned to the shadows.
Your natural rate of healing is unusually fast.
You occasionally shout uncontrollably at your foes.
You are occasionally teleported next to monsters.


Message History

The 27-headed Lernaean hydra bites you but does no damage.
You block the 27-headed Lernaean hydra's attack.
The 27-headed Lernaean hydra misses you.
The 27-headed Lernaean hydra bites you but does no damage.
The 27-headed Lernaean hydra bites you! x2
You feel more protected from physical attacks.
The bunyip is struck by lightning.
The bunyip closely misses you. x2
The bunyip claws you but does no damage.
You enter the shallow water.
Moving in this stuff is going to be slow.
The 27-headed Lernaean hydra misses you.
The 27-headed Lernaean hydra completely misses you.
The 27-headed Lernaean hydra misses you.
You block the 27-headed Lernaean hydra's attack. x2
The 27-headed Lernaean hydra bites you. x2
* * * LOW HITPOINT WARNING * * *
You feel more protected from physical attacks.
You block the 27-headed Lernaean hydra's attack.
The 27-headed Lernaean hydra bites you.
* * * LOW HITPOINT WARNING * * *
You block the 27-headed Lernaean hydra's attack.
The 27-headed Lernaean hydra completely misses you.
The 27-headed Lernaean hydra bites you.
* * * LOW HITPOINT WARNING * * *
You block the 27-headed Lernaean hydra's attack.
The 27-headed Lernaean hydra completely misses you.
The 27-headed Lernaean hydra bites you!
* * * LOW HITPOINT WARNING * * *
You feel more protected from physical attacks.
The 27-headed Lernaean hydra bites you but does no damage.
The 27-headed Lernaean hydra completely misses you.
The 27-headed Lernaean hydra barely misses you.
You block the 27-headed Lernaean hydra's attack.
The 27-headed Lernaean hydra bites you but does no damage.
The 27-headed Lernaean hydra bites you.
* * * LOW HITPOINT WARNING * * *
The 27-headed Lernaean hydra barely misses you. x2
The 27-headed Lernaean hydra bites you but does no damage. x2
The 27-headed Lernaean hydra bites you!
You die...

♣.. ♣~.....≈≈≈≈≈.
♣♣♣♣~♣♣††~~~.......
.<~.~~.§~°.~~~...♣♣
.~~~††~~..<~~.~~♣..
#~~~~~.~~~~~~~~.♣.~.~
#~~~~~..~~~~~~~...~..
##..☼~~§♣♣♣♣♣♣♣~.~~♣♣♣
####§.~.°~†...♣♣ ♣♣♣♣♣♣♣♣
..~..~~xD@~)...~♣ ♣♣♣...~
8.8..~DD.§.☼~♣♣♣♣♣♣♣..~~~~
...†..~♣♣.○~♣♣...~♣♣..~~~.
.~.†#§♣ ♣..♣♣♣~~~.~~.~~~.♣
## #.[.~♣ ♣♣♣♣
♣.~~~.~~~~~~~ ⌠#⌠...
...†![♣ ♣♣♣..§§~~~~~.
.#..~P §.~...♣
♣~.§~~~~~~~† .#...(
(.8P#~♣ ♣♣~.~§~~~~~~.
☼#D~(. .~.~ ~♣
♣...~~~~~~~~.


You could see the 27-headed Lernaean hydra, a bunyip, a four-headed hydra and a
swamp dragon.

Vanquished Creatures
  A tentacled monstrosity (Swamp:3)
  Kirke (Swamp:2)
  A fenstrider witch (Swamp:3)
  Nessos (Lair:5)
  An eleionoma (Swamp:1)
  A dire elephant (Lair:5)
  The ghost of Imeczu Ewoacw the Transmogrifier, a journeyman OpTm of Gozag (Orc:1)
  6 bunyips
  Josephine (Lair:4)
  A shambling mangrove (Swamp:3)
  A spriggan air mage (Swamp:4)
  Erica (D:11)
  3 ghost crabs
  12 hydras
  3 two-headed ogres
  3 boulder beetles
  A dancing weapon (Orc:1)
  A death yak (Lair:5)
  8 alligators
  5 orc high priests
  2 skysharks (Lair:2)
  7 spriggans
  3 goliath frogs (Swamp:3)
  A spectral death yak (Lair:5)
  8 swamp dragons
  13 bog bodies
  4 spriggan druids
  An obsidian statue (Lair:5)
  3 necromancers (Lair:5)
  7 orc sorcerers
  3 orc knights (Orc:2)
  An ugly thing (D:11)
  3 will-o-the-wisps
  2 cyclopes
  A manticore (D:11)
  Joseph (D:10)
  21 elephants
  5 black mambas
  A dire elephant zombie (Lair:5)
  20 cane toads
  2 torpor snails
  A rime drake (Lair:2)
  11 komodo dragons
  A bloated husk (Swamp:3)
  9 trolls
  2 polar bears (Lair:4)
  9 tyrant leeches
  6 hornets
  Grinder (D:4)
  35 blink frogs
  A spectral elephant (Lair:5)
  2 shadows
  3 basilisks
  7 wraiths
  37 yaks
  A vampire (D:10)
  4 wyverns
  2 hogs (Swamp:2)
  A human (Swamp:2)
  A steam dragon (D:7)
  Menkaure (D:4)
  2 death yak simulacra (Lair:5)
  An acid dragon (D:11)
  12 vampire mosquitoes
  4 wargs
  Edmund (D:4)
  10 swamp worms
  12 water moccasins
  A spectral cane toad (Lair:5)
  20 orc warriors
  8 swamp drakes
  6 black bears
  2 sky beasts (D:7)
  2 ice beasts (D:8)
  The ghost of sircluck the Chopper, an amateur GnRe (D:3)
  2 ogres
  7 centaurs
  3 wolves (Lair:4)
  3 elephant skeletons (Lair:5)
  4 phantoms
  3 kobold brigands
  11 bullfrogs
  3 necrophages
  3 scorpions
  A cane toad simulacrum (Lair:5)
  4 wights (D:6)
  8 killer bees
  An electric eel (Lair:3)
  3 howler monkeys
  3 hounds
  2 jellies (D:6)
  A gnoll bouda (D:3)
  10 orc priests
  An iguana (D:5)
  Jessica (D:2)
  Ijyb (D:3)
  15 orc wizards
  7 ogre zombies (D:9)
  18 gnolls
  3 adders
  A white imp (D:6)
  3 ufetubi
  A worm (D:4)
  2 dart slugs
  51 orcs
  10 ball pythons
  10 endoplasms
  2 giant cockroaches
  10 goblins
  4 hobgoblins
  4 quokkas
  8 bats
  A frilled lizard (D:3)
  A goblin skeleton (D:9)
  3 goblin zombies (D:9)
  A hobgoblin skeleton (D:9)
  A hobgoblin zombie (D:9)
  15 kobolds
  4 orc skeletons (D:9)
  15 orc zombies (D:9)
  A rat (D:2)
  A foxfire (Swamp:2)
646 creatures vanquished.

Vanquished Creatures (collateral kills)
  An orc warlord (Orc:2)
  A dire elephant (Lair:5)
  A death yak (Lair:5)
  A spectral anaconda (Lair:5)
  An elephant (Lair:5)
  A death yak simulacrum (Lair:5)
  A two-headed ogre zombie (D:9)
  An elephant skeleton (Lair:5)
  A gnoll sergeant (D:9)
  A gnoll (D:9)
10 creatures vanquished.

Vanquished Creatures (others)
  A bloated husk (Swamp:2)
  A vampire mosquito (Swamp:2)
  A bush (D:6)
  9 foxfires
  56 fungi
  40 plants
  37 withered plants (Lair:5)
145 creatures vanquished.

Grand Total: 801 creatures vanquished

Notes
Turn   | Place    | Note
-------+----------+-------------------------------------------
     0 | D:1      | Newt the Kobold Hunter began the quest for the Orb.
     0 | D:1      | Reached XP level 1. HP: 12/12 MP: 1/1
   131 | D:1      | Reached XP level 2. HP: 18/18 MP: 2/2
   666 | D:1      | Reached XP level 3. HP: 23/23 MP: 3/3
  1196 | D:2      | Found a stormy altar of Qazlal.
  1202 | D:2      | Became a worshipper of Qazlal Stormbringer
  1403 | D:2      | Noticed Jessica
  1413 | D:2      | Killed Jessica
  1414 | D:2      | Reached XP level 4. HP: 30/30 MP: 4/4
  1836 | D:3      | Reached skill level 5 in Fighting
  1846 | D:3      | Reached XP level 5. HP: 35/35 MP: 5/5
  1951 | D:3      | Reached skill level 6 in Ranged Weapons
  2225 | D:3      | Noticed Ijyb
  2237 | D:3      | Reached * piety under Qazlal
  2252 | D:3      | Killed Ijyb
  2283 | D:3      | Found a transporter.
  2284 | D:3      | Identified the +7 spear of Resourcefulness {elec, rElec rF+
                  | Will+}
  2382 | D:3      | Found a transporter.
  2544 | D:3      | Identified a scroll of acquirement
  2544 | D:3      | Acquired a +2 shortbow of electrocution
  2796 | D:3      | Reached skill level 7 in Ranged Weapons
  2796 | D:3      | Reached XP level 6. HP: 32/40 MP: 4/6
  2909 | D:3      | Noticed sircluck's ghost (amateur GnRe)
  2914 | D:3      | Killed sircluck's ghost
  2915 | D:3      | Reached skill level 8 in Ranged Weapons
  3026 | D:4      | Noticed Edmund
  3032 | D:4      | Killed Edmund
  3033 | D:4      | Reached skill level 9 in Ranged Weapons
  3033 | D:4      | Reached XP level 7. HP: 44/44 MP: 7/7
  3131 | D:4      | Reached skill level 10 in Ranged Weapons
  3272 | D:4      | Reached ** piety under Qazlal
  3335 | D:4      | Found Zemirr's Book Shoppe.
  3362 | D:4      | Noticed Grinder
  3370 | D:4      | Killed Grinder
  3371 | D:4      | Reached skill level 5 in Dodging
  3371 | D:4      | Reached XP level 8. HP: 35/49 MP: 5/8
  3470 | D:4      | Noticed Menkaure
  3476 | D:4      | Killed Menkaure
  3652 | D:5      | Entered Level 5 of the Dungeon
  3670 | D:5      | Reached skill level 5 in Evocations
  3761 | D:5      | Reached XP level 9. HP: 54/54 MP: 9/9
  4615 | D:6      | Reached skill level 11 in Ranged Weapons
  4866 | D:6      | Found a staircase to the Ecumenical Temple.
  5039 | D:6      | Reached skill level 12 in Ranged Weapons
  5351 | D:6      | Reached *** piety under Qazlal
  5464 | D:7      | Reached skill level 13 in Ranged Weapons
  5527 | D:7      | Found a bloodstained altar of Trog.
  5790 | D:7      | Reached skill level 14 in Ranged Weapons
  5980 | D:7      | Reached skill level 1 in Invocations
  5980 | D:7      | Reached XP level 10. HP: 56/59 MP: 8/10
  6454 | D:8      | Gained mutation: Your spells are a little easier to cast,
                  | but a little less powerful. [potion of mutation]
  6455 | D:8      | Lost mutation: Your spells are a little easier to cast, but
                  | a little less powerful. [potion of mutation]
  6455 | D:8      | Gained mutation: Your natural rate of healing is unusually
                  | fast. [potion of mutation]
  6455 | D:8      | Gained mutation: You occasionally shout uncontrollably at
                  | your foes. [potion of mutation]
  6511 | D:8      | Noticed a komodo dragon
  6518 | D:8      | Killed a komodo dragon
  6519 | D:8      | Reached skill level 5 in Invocations
  6564 | D:8      | Identified the +5 dagger "Voriygoofuk" {flame, *Rage rC++}
  7123 | D:8      | Found a staircase to the Lair.
  7162 | D:8      | Found a runed translucent door.
  7163 | D:8      | Noticed Esekla's ghost (novice OpDe)
  7171 | D:8      | Noticed a yaktaur
  7321 | D:9      | Reached **** piety under Qazlal
  7861 | D:9      | Reached skill level 1 in Shields
  7908 | D:9      | Reached XP level 11. HP: 68/68 MP: 12/15
  8167 | D:9      | Found a staircase to the Orcish Mines.
  8603 | D:10     | Entered Level 10 of the Dungeon
  8641 | D:10     | Reached skill level 5 in Shields
  8722 | D:10     | Found Jiare's Weapon Shop.
  8722 | D:10     | Noticed Joseph
  8735 | D:10     | Killed Joseph
  8891 | D:10     | Reached ***** piety under Qazlal
  9367 | Lair:1   | Entered Level 1 of the Lair of Beasts
  9481 | Lair:1   | Reached XP level 12. HP: 73/73 MP: 16/16
  9884 | Lair:1   | Reached skill level 10 in Shields
  9998 | Lair:1   | Identified the +11 chain mail of the Lumpy Dances {+Inv}
 10520 | Lair:2   | Reached skill level 1 in Armour
 10547 | Lair:2   | Noticed a skyshark
 10562 | Lair:2   | Killed a skyshark
 10635 | Lair:2   | Noticed a skyshark
 10644 | Lair:2   | Killed a skyshark
 10761 | Lair:2   | Reached skill level 5 in Armour
 10790 | Lair:2   | You fall into a shaft and drop 2 floors!
 10811 | Lair:4   | Reached XP level 13. HP: 78/78 MP: 17/17
 10979 | Lair:4   | Reached skill level 10 in Dodging
 11014 | Lair:4   | Noticed Josephine
 11024 | Lair:4   | Killed Josephine
 11091 | Lair:4   | Reached skill level 10 in Fighting
 11845 | Lair:5   | Entered Level 5 of the Lair of Beasts
 11853 | Lair:5   | Noticed a four-headed hydra
 11885 | Lair:4   | Reached ****** piety under Qazlal
 11892 | Lair:4   | Killed a four-headed hydra
 12236 | Lair:4   | Reached XP level 14. HP: 69/92 MP: 14/19
 12294 | Lair:5   | Noticed Nessos
 12325 | Lair:5   | Killed Nessos
 12440 | Lair:5   | Reached skill level 10 in Invocations
 12483 | Lair:5   | Found a staircase to the Slime Pits.
 12972 | Lair:5   | Noticed a dire elephant
 12972 | Lair:5   | Noticed a dire elephant
 13822 | Lair:5   | Killed a dire elephant
 13834 | Lair:5   | Killed a dire elephant
 14144 | Lair:3   | Found a staircase to the Swamp.
 14563 | Lair:3   | Reached XP level 15. HP: 93/96 MP: 22/22
 15145 | Orc:1    | Entered Level 1 of the Orcish Mines
 15152 | Orc:1    | Paralysed by an orc sorcerer for 3 turns
 15236 | Orc:1    | Gained mutation: You are occasionally teleported next to
                  | monsters. [a neqoxec]
 15299 | D:9      | Reached skill level 10 in Armour
 15314 | Orc:1    | Paralysed by an orc sorcerer for 2 turns
 15503 | Orc:1    | Found a runed translucent door.
 15504 | Orc:1    | Found a shimmering altar of Xom.
 15504 | Orc:1    | Noticed Imeczu Ewoacw's ghost (journeyman OpTm)
 15640 | Orc:1    | Killed Imeczu Ewoacw's ghost
 15669 | Orc:2    | Entered Level 2 of the Orcish Mines
 15747 | Orc:2    | Noticed an orc warlord
 15748 | Orc:2    | Paralysed by an orc sorcerer for 3 turns
 15756 | Orc:1    | Reached skill level 15 in Ranged Weapons
 15827 | Orc:2    | Killed an orc warlord
 15849 | Orc:2    | Reached skill level 16 in Ranged Weapons
 15905 | Orc:2    | Found Jodyxe's General Store.
 16020 | Orc:2    | Found Wyaher's Antique Armour Emporium.
 16025 | Orc:2    | Bought a glowing helmet for 210 gold pieces
 16062 | Orc:2    | Found Figam's Book Boutique.
 16214 | Orc:2    | Found Polef's Antique Weapon Shop.
 16304 | Orc:2    | Found a staircase to the Elven Halls.
 16679 | Orc:2    | Bought a pair of embroidered gloves for 210 gold pieces
 16746 | D:10     | Bought the +7 arbalest of Rotation {penet, Int+4 Dex+2} for
                  | 1052 gold pieces
 16825 | D:11     | Noticed Erica
 16827 | D:11     | Reached skill level 17 in Ranged Weapons
 16834 | D:11     | Killed Erica
 17570 | Swamp:1  | Entered Level 1 of the Swamp
 17630 | Swamp:1  | Reached skill level 18 in Ranged Weapons
 17844 | Swamp:1  | Reached XP level 16. HP: 101/101 MP: 23/23
 18421 | Swamp:2  | Reached skill level 19 in Ranged Weapons
 18815 | Swamp:2  | Noticed Kirke
 18818 | Swamp:2  | Noticed a sphinx
 18861 | Swamp:2  | Killed Kirke
 19029 | Swamp:2  | Identified the +1 pair of gloves "Ozac" {Harm rF+ Str-3
                  | Int+3}
 19093 | Swamp:2  | Reached skill level 20 in Ranged Weapons
 19504 | Swamp:3  | Noticed Mara
 19509 | Swamp:3  | Noticed Newt's illusion
 19715 | Swamp:2  | Noticed Newt's illusion
 19723 | Swamp:2  | Noticed Newt's illusion
 19908 | Swamp:3  | Noticed a fenstrider witch
 19913 | Swamp:3  | Paralysed by a fenstrider witch for 2 turns
 19916 | Swamp:3  | Killed a fenstrider witch
 20225 | Swamp:3  | Noticed a tentacled monstrosity
 20245 | Swamp:3  | Killed a tentacled monstrosity
 20559 | Swamp:4  | Entered Level 4 of the Swamp
 20596 | Swamp:4  | Acquired a manual of Dodging
 20611 | Swamp:4  | Reached skill level 10 in Evocations
 21022 | Swamp:4  | Found a burning altar of Makhleb.
 21073 | Swamp:4  | Reached XP level 17. HP: 106/106 MP: 24/24
 21334 | Swamp:4  | Noticed the 27-headed Lernaean hydra
 21340 | Swamp:4  | HP: 5/106 [the 27-headed Lernaean hydra (6)]
 21340 | Swamp:4  | Slain by the 27-headed Lernaean hydra

Illustrated notes

Levels and vault maps discovered:
D:1:      zaba_arrival_water, layout_basic
D:2:      layout_basic, basic_altar, kennysheep_jessica_study
D:3:      kennysheep_the_goblin_king, layout_basic, serial_glass,
          glass_columns_a, glass_columns_c, glass_columns_a, glass_columns_a,
          glass_columns_a, glass_columns_a, glass_columns_a, glass_columns_a,
          glass_columns_a, glass_columns_b, glass_columns_a, glass_columns_b,
          glass_columns_a, glass_columns_a, gammafunk_ghost_gnarly_gnolls
D:4:      layout_rooms, serial_shops, nicolae_shop_waterfront, uniq_grinder,
          uniq_menkaure, uniq_edmund
D:5:      layout_basic
D:6:      layout_loops_ring, minmay_temple_entry_trees, kb_lookout_dungeons_type
D:7:      layout_gridville, mainiacjoe_overflow_catwalk
D:8:      layout_basic, grunt_lair_entry_orc_guard_hut,
          ebering_ghost_inner_flame
D:9:      layout_gridville, zombieorc2_lemuel
D:10:     layout_rooms, serial_shops, shop_coins, worms_lemuel, uniq_joseph
D:11:     layout_roguey, st_stairs_12, uniq_erica
Lair:1:   layout_long_grid, grunt_megastairs_5
Lair:2:   layout_regular_city, guppyfry_snake_entry_island,
          gammafunk_ghost_arena, lemuel_old_faithful, uniq_amaemon
Lair:3:   layout_regular_city, swamp_mist_pool, chequers_serial_rivers_room_a
Lair:4:   layout_gridlike, lemuel_fruit_tree, serial_bayou_shore_b,
          uniq_josephine
Lair:5:   due_jungle_book, layout_regular_city, slime_entry_1,
          serial_bayou_shore_b, uniq_nessos
Swamp:1:  layout_falls_marsh, nicolae_swamp_little_tower
Swamp:2:  layout_falls_marsh, hangedman_swamp_cone, uniq_kirke
Swamp:3:  layout_basic_swamp, evilmike_swamp_ruin_rubble_2, uniq_mara
Swamp:4:  grunt_swamp_rune_castle, layout_basic_swamp, lemuel_altar_in_water,
          swamp_pool1
Orc:1:    layout_caves, basic_altar, ebering_ghost_xom
Orc:2:    grunt_orc_gardens, layout_caves, grunt_orc_garden, grunt_orc_garden,
          grunt_orc_garden, grunt_orc_garden

Skill      XL: |  1  2  3  4  5  6  7  8  9 10 11 12 13 14 15 16 17 |
---------------+----------------------------------------------------+-----
Fighting       | 3 4 5 8 12 | 12.0
Ranged Weapons | 7 9 10 14 18 20 | 20.0
Dodging        | 5 6 10 13 | 13.2
Evocations     | 6 12 | 12.4
Invocations    | 1 6 10 | 10.0
Shields        | 2 8 10 | 10.0
Armour         | 6 9 10 | 10.0
Stealth        | |  1.3

Action                     |  1- 3 |  4- 6 |  7- 9 | 10-12 | 13-15 | 16-18 || total
---------------------------+-------+-------+-------+-------+-------+-------++-------
  Melee: Shortbow          |       |       |       |     1 |       |       ||     1
         Unarmed           |       |       |       |       |       |     4 ||     4
   Fire: Shortbow          |    77 |    70 |   164 |    89 |       |       ||   400
         Sling             |       |       |   108 |   693 |  1191 |   647 ||  2639
         Arbalest          |       |       |       |       |    43 |       ||    43
 Invoke: Elemental Force   |       |       |       |     1 |     3 |     1 ||     5
         Disaster Area     |       |       |       |       |     2 |       ||     2
         Upheaval          |       |       |       |       |     3 |       ||     3
  Evoke: Wand              |       |     1 |       |     1 |     1 |     7 ||    10
         Phial of floods   |       |       |       |       |     1 |     1 ||     2
         Box of beasts     |       |       |       |       |       |     1 ||     1
    Use: Scroll            |     3 |    13 |     7 |     7 |     8 |    10 ||    48
         Potion            |       |       |     1 |     2 |     2 |     5 ||    10
 Armour: Leather armour    |    14 |     6 |    35 |    23 |       |       ||    78
         Troll leather arm |       |       |       |    61 |   210 |   130 ||   401
         Chain mail        |       |       |       |    90 |   134 |       ||   224
  Dodge: Dodged            |    38 |    21 |   110 |   292 |   657 |   436 ||  1554
         Repelled          |       |       |       |       |     6 |    14 ||    20
  Block: Other             |       |       |     4 |     5 |     3 |     8 ||    20
         Buckler           |       |       |    26 |   429 |  1004 |   506 ||  1965
         Reflection        |       |       |     2 |    12 |    10 |     6 ||    30

Table legend: (Time is in decaauts)
 A = Elapsed time spent in this place.
 B = Non-inter-level travel time spent in this place.
 C = Inter-level travel time spent in this place.
 D = Time resting spent in this place.
 E = Time spent auto-exploring this place.
 F = Levels seen in this place.
 G = Mean time per level.
                   A        B        C        D        E       F      G
               +--------+--------+--------+--------+--------+-----+--------+
         Total |  21484 |  20149 |   1335 |   1835 |  14064 |  22 |  976.5 |
       Dungeon |  10331 |   9590 |    741 |    705 |   7310 |  11 |  939.2 |
          Lair |   5823 |   5567 |    256 |    352 |   3879 |   5 | 1164.6 |
         Swamp |   3929 |   3699 |    230 |    654 |   2036 |   4 |  982.2 |
  Orcish Mines |   1400 |   1292 |    108 |    124 |    838 |   2 |  700.0 |
               +--------+--------+--------+--------+--------+-----+--------+

Top non-repeatable levels by time:
  Lair:5: 1717 daAuts
  Lair:4: 1537 daAuts
     D:3: 1392 daAuts
 Swamp:2: 1311 daAuts
     D:8: 1285 daAuts
  Lair:1: 1221 daAuts
     D:1: 1122 daAuts
     D:9: 1107 daAuts
 Swamp:3: 1049 daAuts
  Lair:3: 1015 daAuts
     D:6: 988 daAuts
 Swamp:1: 958 daAuts
     D:7: 939 daAuts
   Orc:2: 857 daAuts
    D:10: 802 daAuts
